 Dungeon Crawl Stone Soup version 0.31-a0-233-g139696dc86 (webtiles) character file.

Game seed: 16309727161752158242

600 qw the Shooter (level 7, 0/44 HPs)
             Began as a Gargoyle Hexslinger on July 8, 2023.
             Slain by Edmund
             ... wielding a +0 flail of protection
              (2 damage)
             ... on level 4 of the Dungeon.
             The game lasted 00:01:38 (3735 turns).

qw the Shooter (Gargoyle Hexslinger)                Turns: 3735, Time: 00:01:39

Health: 0/44       AC: 11    Str: 11    XL:     7   Next: 41%
Magic:  8/8        EV: 11    Int: 14    God:
Gold:   166        SH:  0    Dex: 14    Spells: 7/8 levels left

rFire   . . .        Y - +1 sling
rCold   . . .        (no shield)
rNeg    + . .        e - +0 leather armour
rPois   inf          g - +0 helmet
rElec   +            (no cloak)
rCorr   .            (no gloves)
SInv    +            b - +1 pair of boots
Will    .....        h - amulet of the acrobat
Stlth   +            i - ring of see invisible
HPRegen 0.27/turn    (no ring)
MPRegen 0.11/turn

%: acrobat
@: no status effects
A: sickness immunity, AC +4, negative energy resistance 1, electricity
resistance, torment resistance 1, petrification resistance
a: no special abilities


You were on level 4 of the Dungeon.
You visited 1 branch of the dungeon, and saw 4 of its levels.

You collected 166 gold pieces.


Innate Abilities, Weirdness & Mutations

You are immune to sickness and miasma.
Your stone body is resilient. (AC +4)
You are immune to poison.
You resist negative energy. (rN+)
You are resistant to electric shocks. (rElec)
You are resistant to unholy torment.
You are immune to petrification.


   Skills:
 - Level 4.8 Fighting
 + Level 5.9 Ranged Weapons
 - Level 2.9 Armour
 - Level 1.5 Dodging
 - Level 1.0 Spellcasting
 - Level 2.6 Hexes


You had 7 spell levels left.
You knew the following spells:

 Your Spells              Type           Power      Damage    Failure   Level
a - Slow                  Hex            32%        N/A       11%         1

Your spell library contained the following spells:

 Spells                   Type           Power      Damage    Failure   Level
 Inner Flame              Hex/Fire       4%         N/A       50%         3
 Portal Projectile        Hex/Tloc       8%         N/A       50%         3
 Cause Fear               Hex            4%         N/A       73%         4

Inventory:

Hand Weapons
 Y - a +1 sling (weapon)
Armour
 b - a +1 pair of boots (worn)
 d - a +1 pair of gloves
 e - a +0 leather armour (worn)
 g - a +0 helmet (worn)
 m - a +0 ring mail
Jewellery
 h - an amulet of the acrobat (around neck)
 i - a ring of see invisible (left hand)
Scrolls
 j - 2 scrolls of identify
 l - a scroll of noise {unknown}
Potions
 c - a potion of might
 f - a potion of enlightenment
 n - a potion of cancellation {unknown}
 o - a potion of mutation {unknown}

Dungeon Overview and Level Annotations

Branches:
Dungeon (4/15)
 Temple: D:4-7

Altars:
Fedhas
Nemelex Xobeh
Vehumet
Zin

Annotations:
D:4 1 runed translucent door, Crazy Yiuf, Edmund


Message History

You shoot a sling bullet.
The sling bullet hits Edmund but does no damage.
Edmund is lightly wounded.
Edmund hits you but does no damage.
You shoot a sling bullet.
The sling bullet hits Edmund but does no damage.
Edmund is lightly wounded.
Edmund hits you with a +0 flail of protection!
You shoot a sling bullet.
The sling bullet hits Edmund but does no damage.
Edmund is lightly wounded.
Edmund hits you but does no damage.
You shoot a sling bullet. The sling bullet hits Edmund.
Edmund is moderately wounded.
Edmund barely misses you.
You shoot a sling bullet.
The sling bullet hits Edmund but does no damage.
Edmund is moderately wounded.
Edmund hits you with a +0 flail of protection.
You shoot a sling bullet. The sling bullet hits Edmund.
Edmund is moderately wounded.
Edmund hits you with a +0 flail of protection!
You shoot a sling bullet. The sling bullet barely misses Edmund.
Edmund hits you with a +0 flail of protection.
Edmund completely misses you.
You shoot a sling bullet.
The sling bullet hits Edmund but does no damage.
Edmund is moderately wounded.
Edmund closely misses you.
You shoot a sling bullet.
The sling bullet hits Edmund but does no damage.
Edmund is moderately wounded.
Edmund closely misses you.
You shoot a sling bullet. The sling bullet barely misses Edmund.
Edmund grinds his teeth, and then sighs.
Edmund barely misses you.
You shoot a sling bullet. The sling bullet hits Edmund.
Edmund is moderately wounded.
Edmund hits you with a +0 flail of protection.
You die...

#................## #####
#.........#.......# ###....
.........###.....##########.)....
........##_##....................
.......##...##...................
......####'####.....<............
.....##.#...#.##.....#####.......
....##_.'.}.'..@......## ##......
.....##.#...#.##@......# #......
.###..####'####........## #......
## ###.##...##..........# ##.....
#####_###..........# #..... ###
#.........## #..... #........##
##..... #.......## ##..#...
#.....#..####..###..
#..#####..##..## ###


You could see Edmund.

Vanquished Creatures
  Grinder (D:3)
  Sigmund (D:3)
  Menkaure (D:3)
  An orc wizard (D:4)
  Robin (D:3)
  An adder (D:4)
  2 worms (D:3)
  3 orcs (D:4)
  4 endoplasms
  5 giant cockroaches
  11 goblins
  8 hobgoblins
  8 jackals
  5 kobolds
  4 quokkas
  5 ball pythons
  4 bats
  6 frilled lizards
  9 rats
80 creatures vanquished.

Notes
Turn   | Place    | Note
-------+----------+-------------------------------------------
     0 | D:1      | qw the Gargoyle Hexslinger began the quest for the Orb.
     0 | D:1      | Reached XP level 1. HP: 12/12 MP: 2/2
     0 | D:1      | 0 ||| qw: Version: 0.3-a-46-gb1f654a
     0 | D:1      | 0 ||| qw: Game counter: 3584
     0 | D:1      | 0 ||| qw: Melee chars always use a shield: true
     0 | D:1      | 0 ||| qw: God list: Okawaru
     0 | D:1      | 0 ||| qw: Allow faded altars: false
     0 | D:1      | 0 ||| qw: Do Orc after clearing Dungeon:15 true
     0 | D:1      | 0 ||| qw: Do second Lair branch before Depths: true
     0 | D:1      | 0 ||| qw: Lair rune preference: random
     0 | D:1      | 0 ||| qw: Goals: Normal
     0 | D:1      | 0 ||| PLANNING D:1-11
   228 | D:1      | Reached XP level 2. HP: 16/16 MP: 3/3
   294 | D:1      | Reached skill level 3 in Ranged Weapons
   691 | D:1      | 691 ||| UPGRADING to +0 leather armour.
   701 | D:1      | 701 ||| DROPPING +0 robe.
   702 | D:1      | 702 ||| DROPPING +0 leather armour of poison resistance.
   703 | D:1      | 703 ||| READING scroll labelled CUYMYDEJUA.
   704 | D:1      | 704 ||| READING scroll labelled ATSAXONUB.
   705 | D:1      | 705 ||| READING scroll labelled OSKATI GIRPHUCK.
   706 | D:1      | 706 ||| READING scroll labelled DOERUH QIOCW.
   709 | D:1      | 709 ||| READING 2 scrolls labelled IGA TENI FAJAS.
   710 | D:1      | 710 ||| READING scroll labelled LIKO DUELOCESEU.
   711 | D:1      | 711 ||| DROPPING scroll of poison.
   879 | D:2      | Reached XP level 3. HP: 21/21 MP: 4/4
  1723 | D:2      | 1723 ||| UPGRADING to +0 pair of boots.
  1728 | D:2      | 1728 ||| READING 2 scrolls labelled SYESMA NITIURI.
  1729 | D:2      | 1729 ||| READING scroll of enchant armour.
  1729 | D:2      | 1729 ||| ENCHANTING +0 pair of boots.
  1855 | D:3      | Found a faded altar of an unknown god.
  1932 | D:3      | Noticed Sigmund
  1956 | D:3      | 1956 ||| DRINKING 2 fuming black potions.
  1961 | D:3      | 1961 ||| DRINKING potion of curing.
  1961 | D:3      | 1961 ||| (to cure confusion)
  1966 | D:3      | Killed Sigmund
  1967 | D:3      | Reached skill level 5 in Ranged Weapons
  1967 | D:3      | Reached XP level 4. HP: 22/26 MP: 5/5
  1967 | D:3      | Reached XP level 5. HP: 25/30 MP: 6/6
  2080 | D:3      | Noticed Robin
  2095 | D:3      | HP: 6/30 [Robin/+0 trident (3)]
  2100 | D:3      | HP: 3/30 [Robin/+0 trident (4)]
  2108 | D:3      | Killed Robin
  2109 | D:3      | Reached XP level 6. HP: 6/36 MP: 7/7
  2502 | D:3      | Found a glowing silver altar of Zin.
  2502 | D:3      | Noticed Grinder
  2509 | D:3      | 2509 ||| UPGRADING to +0 helmet.
  2512 | D:3      | Paralysed by Grinder for 2 turns
  2534 | D:3      | Paralysed by Grinder for 4 turns
  2542 | D:3      | Killed Grinder
  2636 | D:3      | 2636 ||| UPGRADING to +0 helmet.
  2772 | D:3      | 2772 ||| UPGRADING to amulet of the acrobat.
  2777 | D:3      | 2777 ||| UPGRADING to ring of see invisible.
  2778 | D:3      | 2778 ||| DRINKING 2 ruby potions.
  2779 | D:3      | 2779 ||| READING 5 scrolls of identify.
  2779 | D:3      | 2779 ||| IDENTIFYING grey potion
  2780 | D:3      | 2780 ||| READING 4 scrolls of identify.
  2780 | D:3      | 2780 ||| IDENTIFYING fizzy black potion
  2781 | D:3      | 2781 ||| READING 3 scrolls of identify.
  2781 | D:3      | 2781 ||| IDENTIFYING sapphire potion
  2782 | D:3      | 2782 ||| DROPPING potion of brilliance.
  2802 | D:4      | Noticed Menkaure
  2804 | D:4      | 2804 ||| STAIRDANCE
  2815 | D:3      | Killed Menkaure
  2816 | D:3      | Reached XP level 7. HP: 22/44 MP: 8/8
  2926 | D:4      | Found a sparkling altar of Nemelex Xobeh.
  2930 | D:4      | Found a blossoming altar of Fedhas.
  2935 | D:4      | Found a radiant altar of Vehumet.
  3342 | D:4      | Found a runed translucent door.
  3343 | D:4      | Noticed Crazy Yiuf
  3550 | D:4      | Noticed Edmund
  3567 | D:4      | HP: 6/44 [Edmund/+0 flail of protection (8)]
  3568 | D:4      | 3568 ||| READING scroll of teleportation.
  3569 | D:4      | 3569 ||| DRINKING potion of heal wounds.
  3729 | D:4      | HP: 11/44 [Edmund/+0 flail of protection (3)]
  3730 | D:4      | HP: 3/44 [Edmund/+0 flail of protection (9)]
  3731 | D:4      | HP: 1/44 [Edmund/+0 flail of protection (2)]
  3735 | D:4      | Slain by Edmund

Levels and vault maps discovered:
D:1:      tarquinn_simple_flora_water_a, layout_basic,
          chequers_decorated_corner, minmay_tromino_v2
D:2:      mumra_celtic_spiral_tile, layout_basic, serial_corexii_hall,
          corexii_hall_statues_x, corexii_hall_statues_x, minmay_vboxes
D:3:      layout_basic, zin_scriptorium, hellmonk_ecumenical_altar_heavens_door,
          uniq_robin, uniq_sigmund, uniq_grinder
D:4:      layout_cave_pods, grunt_temple_overflow_diamond, uniq_edmund,
          uniq_menkaure, uniq_crazy_yiuf_cottage

Skill      XL: |  1  2  3  4  5  6 |
---------------+-------------------+-----
Ranged Weapons | 3 5 |  5.9
Fighting       | 2 4 |  4.8
Armour         | 2 |  2.9
Dodging        | |  1.5
Spellcasting   | |  1.0
Hexes          | |  2.6

Action                     |  1- 3 |  4- 6 |  7- 9 || total
---------------------------+-------+-------+-------++-------
   Fire: Sling             |   183 |   107 |    99 ||   389
    Use: Scroll            |     8 |     3 |     1 ||    12
         Potion            |     2 |     1 |     1 ||     4
 Armour: Robe              |     6 |       |       ||     6
         Leather armour    |    25 |    31 |    24 ||    80
  Dodge: Dodged            |    62 |    34 |    30 ||   126

Table legend:
 A = Non-vault XP
 B = Vault XP
 C = Vault XP percentage of total XP
 D = Non-vault monster count
 E = Vault monster count
 F = Vault count percentage of total count
                 A         B        C        D         E       F
            +---------+---------+-------+---------+---------+-------
      Total |     161 |     697 |  81.2 |      64 |      16 |  20.0
            +---------+---------+-------+---------+---------+-------
        D:1 |      23 |       3 |  11.5 |      15 |       2 |  11.8
        D:2 |      31 |       7 |  18.4 |      20 |       6 |  23.1
        D:3 |      34 |     687 |  95.3 |      16 |       8 |  33.3
        D:4 |      73 |       0 |   0.0 |      13 |       0 |   0.0
            +---------+---------+-------+---------+---------+-------
